 Dungeon Crawl Stone Soup version 0.27-a0-1590-g15f69828bf (webtiles) character file.

Game seed: 16109391656103882996

30555 robertstho the Cleaver (level 13, 0/184 HPs)
             Began as a Deep Dwarf Berserker on July 18, 2021.
             Was an Elder of Trog.
             Slain by a 13-headed hydra (5 damage)
             ... on level 1 of the Lair of Beasts.
             The game lasted 00:24:33 (10725 turns).

robertstho the Cleaver (Deep Dwarf Berserker)      Turns: 10725, Time: 00:24:33

Health: 0/184      AC: 20    Str: 26    XL:     13   Next: 21%
Magic:  7/7        EV: 14    Int: 11    God:    Trog [****..]
Gold:   2307       SH:  0    Dex: 18    Spells: 12/12 levels left

rFire    . . .     SeeInvis .   c - +3 battleaxe (venom)
rCold    + . .     Faith    .   (shield currently unavailable)
rNeg     . . .     Spirit   .   M - +1 chain mail {rC+}
rPois    .         Reflect  .   b - +0 helmet
rElec    .         Harm     .   Q - +0 cloak
rCorr    .         Rampage  .   (no gloves)
Will     +....                  (no boots)
Stlth    ..........             k - amulet of the acrobat
HPRegen  0.00/turn              J - ring "Ciuckava" {AC+4 Int+3}
MPRegen  0.10/turn              S - +6 ring of dexterity

@: berserking (expiring), lethally poisoned (0 -> 0), studying Armour, very
quick
A: damage resistance, heal wounds, sense surroundings 2, no regeneration
a: Heal Wounds, Renounce Religion, Berserk, Trog's Hand, Brothers in Arms


You were on level 1 of the Lair of Beasts.
You worshipped Trog.
Trog was greatly pleased with you.
You visited 2 branches of the dungeon, and saw 14 of its levels.
You also visited: Ossuary and Bailey.

You collected 2463 gold pieces.
You spent 156 gold pieces at shops.

Inventory:

Hand Weapons
 c - a +3 battleaxe of venom (weapon)
 y - a +0 war axe
Missiles
 I - a curare-tipped dart
Armour
 b - a +0 helmet (worn)
 q - +2 acid dragon scales
 G - the +0 ring mail "Jitiel" {rElec Str+3 Dex+4 Stlth+}
   (You found it on level 11 of the Dungeon)

   Str:       It affects your strength (+3).
   Dex:       It affects your dexterity (+4).
   rElec:     It insulates you from electricity.
   Stlth:     It makes you more stealthy.
 H - a +0 kite shield
 M - a +1 chain mail of cold resistance (worn)
 Q - a +0 cloak (worn)
 R - a +0 plate armour
Jewellery
 k - an amulet of the acrobat (around neck)
 p - a ring of protection from fire
 r - a ring of see invisible
 t - the amulet of the Enemy {RegenMP Rampage rC+ Int+2}
   (You found it in a bailey)

   [amulet of magic regeneration]

   It increases your rate of magic regeneration.
   Int:       It affects your intelligence (+2).
   rC:        It protects you from cold.
   Rampage:   It bestows one free step when moving towards enemies.
 J - the ring "Ciuckava" (left hand) {AC+4 Int+3}
   (You acquired it on level 11 of the Dungeon)

   [ring of protection]

   AC:        It affects your AC (+4).
   Int:       It affects your intelligence (+3).
 P - a ring of protection from cold
 S - a +6 ring of dexterity (right hand)
Wands
 x - a wand of mindburst (14)
 A - a wand of acid (1)
 F - a wand of digging (3)
 L - a wand of iceblast (9)
Scrolls
 e - 4 scrolls of teleportation
 m - 3 scrolls of fog
 o - a scroll of holy word
 u - a scroll of enchant armour
 v - 3 scrolls of immolation
 w - 3 scrolls of blinking
 B - 2 scrolls of fear
 D - a scroll of summoning
 N - a scroll of brand weapon
Potions
 a - a potion of mutation
 d - a potion of ambrosia {unknown}
 f - 7 potions of curing
 g - a potion of resistance
 h - 4 potions of flight
 i - 3 potions of magic
 j - 4 potions of haste {unknown}
 l - a potion of brilliance {unknown}
 n - a potion of heal wounds
 s - 4 potions of might
 z - 3 potions of attraction {unknown}
 E - a potion of degeneration {unknown}
 K - 3 potions of lignification
Miscellaneous
 C - a condenser vane
 O - a tin of tremorstones (inert)


   Skills:
 * Level 10.2 Fighting
 + Level 14.4 Axes
 * Level 11.6 Armour
 * Level 9.6 Dodging
 * Level 10.8 Stealth
 + Level 0.7 Shields
 + Level 0.8 Evocations


You had 12 spell levels left.
You didn't know any spells.
Your spell library was empty.

Dungeon Overview and Level Annotations

Branches:
Dungeon (13/15)            Temple (0/1) D:4            Lair (1/6) D:9
    Orc (0/2) D:10         Vaults (0/5) D:13        Ossuary (visited)
 Bailey (visited)

Altars:
Dithmenos
Elyvilon
Hepliaklqana
Okawaru
Vehumet
Wu Jian
Xom
Zin
The Shining One
Jiyva

Shops:
D:8 *   D:10 *


Innate Abilities, Weirdness & Mutations

You are resistant to damage.
You can heal yourself by infusing magical energy.
You passively map the area around you.
You do not regenerate.


Message History

The 11-headed hydra is moderately wounded.
You hit the black mamba. The black mamba closely misses you.
Unknown command.
You chop one of the 11-headed hydra's heads off!
The ten-headed hydra grows two more!
You slice the 12-headed hydra!!
The 12-headed hydra looks as sick as possible!
The 12-headed hydra is severely wounded.
You hit the black mamba. The black mamba completely misses you.
The 12-headed hydra bites you but does no damage. x4
The 12-headed hydra misses you.
The 12-headed hydra completely misses you.
The 12-headed hydra bites you but does no damage.
The 12-headed hydra bites you!
* * * LOW HITPOINT WARNING * * *
The 12-headed hydra bites you but does no damage.
The 12-headed hydra misses you. The 12-headed hydra closely misses you.
The 12-headed hydra barely misses you.
You hack one of the 12-headed hydra's heads off!
The 11-headed hydra grows two more!
You slice the 13-headed hydra!!
The 13-headed hydra is almost dead.
Your chain mail prevents you from hitting the black mamba.
The black mamba bites you but does no damage.
The 13-headed hydra closely misses you. The 13-headed hydra bites you!
* * * LOW HITPOINT WARNING * * *
The 13-headed hydra completely misses you.
The 13-headed hydra bites you but does no damage.
The 13-headed hydra bites you!
* * * LOW HITPOINT WARNING * * *
The 13-headed hydra bites you but does no damage.
The 13-headed hydra bites you!
* * * LOW HITPOINT WARNING * * *
The 13-headed hydra bites you but does no damage.
The 13-headed hydra bites you!
* * * LOW HITPOINT WARNING * * *
The 13-headed hydra bites you.
The 13-headed hydra bites you but does no damage.
The 13-headed hydra bites you!
* * * LOW HITPOINT WARNING * * *
The 13-headed hydra bites you!
You die...

, ,
###...........
*
#............,
*#..........#
#..........##**
* #...........#
* ##..........#
,
##.....S....P#
##.....D@...(#
* *, ,
#....#.......#
##...........#
,
#...........##
* ,
#...........#
##..........# *
* ##..........#
*,**
#...........#
*,
#...........#
,,,, ,,


You could see a 13-headed hydra (extremely poisoned) and a black mamba.

Vanquished Creatures
  Kirke (D:12)
  3 vault guards (D:13)
  A boulder beetle (D:13)
  A centaur warrior (D:13)
  6 two-headed ogres
  A tengu warrior (D:13)
  The ghost of tatocazan the Cleaver, a novice MiFi of Uskayaw (D:8)
  The ghost of Rallik the Martial Artist, a novice OpMo (D:6)
  A wizard (D:13)
  2 orc knights
  An ugly thing (D:11)
  2 deep elf pyromancers (D:13)
  3 cyclopes
  Joseph (D:10)
  The ghost of DocClef the Covert, a novice GnDe (D:6)
  A black mamba (Lair:1)
  Maggie (D:6)
  2 kobold demonologists
  A komodo dragon (D:11)
  3 yaktaurs (D:13)
  A tengu conjurer (D:13)
  2 trolls (D:10)
  2 hornets
  7 slime creatures
  Sigmund (D:2)
  3 shadows
  A vampire (D:11)
  17 yaks
  A human (D:12)
  A wyvern (D:9)
  Eustachio (D:4)
  4 hogs (D:12)
  A steam dragon (D:7)
  Menkaure (D:7)
  A warg (D:10)
  7 vampire mosquitoes (D:13)
  An acid dragon (D:10)
  12 orc warriors
  A black bear (D:6)
  2 ice beasts
  2 ogres
  9 centaurs
  3 kobold brigands
  An elf zombie (Ossuary)
  3 bullfrogs
  A gnoll sergeant (D:9)
  3 scorpions
  12 killer bees
  4 wights (D:9)
  A howler monkey (D:6)
  A bullfrog zombie (D:6)
  2 centaur zombies
  6 hounds
  5 jellies
  8 orc priests
  A human zombie (Ossuary)
  3 iguanas
  Natasha (thrice) (D:3)
  20 orc wizards
  A killer bee zombie (D:6)
  A hound skeleton (D:4)
  2 mummies (Ossuary)
  Robin (D:2)
  2 howler monkey zombies
  3 gnolls (D:5)
  4 adders
  A shadow imp (D:5)
  An ufetubus (D:7)
  An adder skeleton (D:4)
  The ghost of DocClef the Covert, a weakling GnDe (D:6)
  7 dart slugs
  52 orcs
  11 ball pythons
  10 endoplasms
  3 giant cockroaches
  5 gnoll zombies (Ossuary)
  23 goblins
  11 hobgoblins
  4 jackals (D:2)
  5 quokkas
  10 bats
  3 frilled lizards
  2 goblin zombies
  23 kobolds
  6 orc zombies (Ossuary)
  3 rats
385 creatures vanquished.

Vanquished Creatures (collateral kills)
  A vault guard (D:13)
  A tengu conjurer (D:13)
2 creatures vanquished.

Vanquished Creatures (others)
  4 plants (D:2)
  4 withered plants (D:6)
8 creatures vanquished.

Grand Total: 395 creatures vanquished

Notes
Turn   | Place    | Note
-------+----------+-------------------------------------------
     0 | D:1      | robertstho the Deep Dwarf Berserker began the quest for the
                  | Orb.
     0 | D:1      | Reached XP level 1. HP: 20/20 MP: 1/1
   190 | D:1      | Reached XP level 2. HP: 10/27 MP: 2/2
   609 | D:1      | Found a faded altar of an unknown god.
   632 | D:1      | Reached skill level 1 in Stealth
   632 | D:1      | Reached XP level 3. HP: 32/34 MP: 3/3
  1174 | D:2      | Reached ** piety under Trog
  1320 | D:2      | Reached skill level 4 in Axes
  1320 | D:2      | Reached XP level 4. HP: 35/42 MP: 3/3
  1350 | D:2      | Reached XP level 5. HP: 23/50 MP: 4/4
  1474 | D:2      | Noticed Robin
  1507 | D:2      | Killed Robin
  1888 | D:2      | Noticed Sigmund
  1901 | D:2      | Killed Sigmund
  1902 | D:2      | Reached skill level 5 in Axes
  1902 | D:2      | Reached XP level 6. HP: 57/57 MP: 5/5
  1907 | D:2      | Identified a scroll of acquirement
  1908 | D:2      | Acquired a +2 battleaxe of venom
  2363 | D:3      | Reached *** piety under Trog
  2505 | D:3      | Noticed Natasha
  2513 | D:3      | Killed Natasha
  2521 | D:3      | Noticed Natasha
  2524 | D:3      | Killed Natasha
  2616 | D:3      | Found a white marble altar of Elyvilon.
  2616 | D:3      | Noticed Natasha
  2621 | D:3      | Killed Natasha
  2659 | D:3      | Found an iron altar of Okawaru.
  2912 | D:4      | Reached XP level 7. HP: 54/66 MP: 5/5
  3238 | D:4      | Found a staircase to the Ecumenical Temple.
  3631 | D:4      | Noticed Eustachio
  3647 | D:4      | Killed Eustachio
  3648 | D:4      | Reached skill level 6 in Axes
  3736 | D:5      | Entered Level 5 of the Dungeon
  4010 | D:5      | Reached XP level 8. HP: 56/73 MP: 6/6
  4440 | D:6      | Noticed DocClef's ghost (novice GnDe)
  4440 | D:6      | Noticed DocClef's ghost (weakling GnDe)
  4440 | D:6      | Noticed Rallik's ghost (novice OpMo)
  4440 | D:6      | Found a runed translucent gate.
  4440 | D:6      | Found a runed translucent gate.
  4440 | D:6      | Found a runed translucent gate.
  4476 | D:6      | Reached skill level 5 in Fighting
  4476 | D:6      | Reached skill level 5 in Armour
  4525 | D:6      | Noticed Maggie
  4532 | D:6      | Reached skill level 7 in Axes
  4537 | D:6      | Killed Maggie
  4538 | D:6      | Reached skill level 5 in Stealth
  4612 | D:6      | Reached skill level 5 in Dodging
  4652 | D:6      | Found a sand-covered staircase.
  4659 | Ossuary  | Entered an ossuary
  4671 | Ossuary  | Reached skill level 8 in Axes
  4680 | Ossuary  | Gained mutation: You passively map the area around you.
                  | [Deep Dwarf growth]
  4680 | Ossuary  | Reached XP level 9. HP: 40/81 MP: 7/7
  4701 | Ossuary  | Reached **** piety under Trog
  4807 | D:6      | Noticed a two-headed ogre
  4819 | D:6      | Killed a two-headed ogre
  5126 | D:6      | Killed DocClef's ghost
  5129 | D:6      | Killed Rallik's ghost
  5130 | D:6      | Reached skill level 9 in Axes
  5134 | D:6      | Killed DocClef's ghost
  5263 | D:7      | Reached XP level 10. HP: 92/92 MP: 8/8
  5415 | D:7      | Noticed Menkaure
  5425 | D:7      | Killed Menkaure
  5510 | D:7      | Found a shimmering altar of Xom.
  5512 | D:7      | Found an opulent altar of Gozag.
  5512 | D:7      | Found a hazy altar of Hepliaklqana.
  5515 | D:7      | Found a shadowy altar of Dithmenos.
  5515 | D:7      | Found a glowing golden altar of the Shining One.
  5515 | D:7      | Found a radiant altar of Vehumet.
  5828 | D:8      | Found a runed translucent gate.
  5829 | D:8      | Found a runed translucent gate.
  5830 | D:8      | Found a runed translucent gate.
  5831 | D:8      | Noticed tatocazan's ghost (novice MiFi)
  5903 | D:8      | Reached skill level 10 in Axes
  6012 | D:8      | Found Lettoi's CLEARANCE SALE! EVERYTHING MUST GO!.
  6019 | D:8      | Bought a scroll of identify for 6 gold pieces
  6019 | D:8      | Bought a scroll of vulnerability for 22 gold pieces
  6019 | D:8      | Bought a potion of curing for 9 gold pieces
  6428 | D:8      | Found a viscous altar of Jiyva.
  6447 | D:8      | Killed tatocazan's ghost
  6618 | D:9      | Reached skill level 11 in Axes
  6692 | D:9      | Noticed a cyclops
  6696 | D:9      | Noticed a two-headed ogre
  6701 | D:9      | Killed a cyclops
  6702 | D:9      | Reached XP level 11. HP: 60/103 MP: 9/9
  6713 | D:9      | Killed a two-headed ogre
  6887 | D:9      | Found a staircase to the Lair.
  7180 | D:10     | Entered Level 10 of the Dungeon
  7225 | D:10     | Noticed Joseph
  7240 | D:10     | Killed Joseph
  7309 | D:10     | Found Putriuja's General Store.
  7325 | D:10     | Bought a scroll of noise for 14 gold pieces
  7325 | D:10     | Bought a scroll of fear for 49 gold pieces
  7325 | D:10     | Bought a potion of might for 56 gold pieces
  7482 | D:10     | Found a staircase to the Orcish Mines.
  7829 | D:10     | Found a glowing silver altar of Zin.
  7872 | D:11     | Noticed a purple ugly thing
  7872 | D:11     | Noticed a two-headed ogre
  7887 | D:11     | Killed a two-headed ogre
  7888 | D:11     | Reached skill level 12 in Axes
  7888 | D:11     | Killed a purple ugly thing
  7900 | D:11     | Identified the +0 ring mail "Jitiel" {rElec Str+3 Dex+4
                  | Stlth+}
  8011 | D:11     | Found an ornate altar of the Wu Jian Council.
  8148 | D:11     | Acquired 1041 gold pieces
  8150 | D:11     | Acquired a manual of Armour
  8152 | D:11     | Acquired the ring "Ciuckava" {AC+4 Int+3}
  8218 | D:11     | Noticed a two-headed ogre
  8226 | D:11     | Killed a two-headed ogre
  8307 | D:11     | Reached XP level 12. HP: 45/114 MP: 9/9
  8478 | D:12     | Noticed Kirke
  8493 | D:12     | Killed Kirke
  8494 | D:12     | Reached skill level 13 in Axes
  8594 | D:12     | Noticed a two-headed ogre
  8606 | D:12     | Killed a two-headed ogre
  8727 | D:12     | Noticed a two-headed ogre
  8734 | D:12     | Killed a two-headed ogre
  8735 | D:12     | Reached skill level 10 in Stealth
  9085 | D:13     | Reached skill level 10 in Armour
  9116 | D:13     | Found a flagged portal.
  9120 | D:13     | Noticed a tengu warrior
  9141 | D:13     | Killed a tengu warrior
  9170 | Bailey   | Entered a bailey
  9312 | Bailey   | Identified the amulet of the Enemy {RegenMP Rampage rC+
                  | Int+2}
  9593 | D:13     | Noticed a boulder beetle
  9624 | D:13     | Killed a boulder beetle
  9700 | D:13     | Noticed a centaur warrior
  9711 | D:13     | Killed a centaur warrior
  9715 | D:13     | Reached skill level 14 in Axes
 10166 | D:13     | Noticed a vault guard
 10203 | D:13     | Reached skill level 10 in Fighting
 10239 | D:13     | Noticed a vault guard
 10239 | D:13     | Noticed a vault guard
 10248 | D:13     | Killed a vault guard
 10249 | D:13     | Reached XP level 13. HP: 116/123 MP: 8/8
 10284 | D:13     | Found a gate to the Vaults.
 10546 | Lair:1   | Entered Level 1 of the Lair of Beasts
 10725 | Lair:1   | HP: 5/184 [13-headed hydra (9)]
 10725 | Lair:1   | Slain by a 13-headed hydra

Illustrated notes

Levels and vault maps discovered:
D:1:      dpeg_arrival_arbitrary_a, layout_basic, basic_ecumenical_altar,
          serial_corexii_hall, corexii_hall_statues_x,
          chequers_hall_statues_corner_a, corexii_hall_statues_i,
          glass_columns_b, minmay_strange_pillars, serial_bayou_pond_c
D:2:      layout_basic, chequers_big_river, guppyfry_early_orc_mine, uniq_robin,
          uniq_sigmund
D:3:      layout_loops_ring, mainiacjoe_overflow_two_lobes, uniq_natasha
D:4:      layout_loops_corners, minmay_temple_entry_mist, minmay_quantized,
          uniq_eustachio
D:5:      layout_loops_ring, minmay_misc_feat_iff, serial_park_tiny_pond
D:6:      layout_cave_pools, enter_ossuary_4, gammafunk_ghost_cemetery,
          uniq_maggie
D:7:      layout_cave_pools, doesnt_xom_only_xom, minmay_misc_feat_plants,
          uniq_menkaure
D:8:      layout_basic, gammafunk_ghost_ooze, minmay_strange_pillars,
          interstate_on_off, nicolae_shop_clearance
D:9:      layout_irregular_city, lair_entry_dummy, kennysheep_generic_room_2
D:10:     layout_cave_pools, zin_scriptorium, erik_orc_3, serial_shops,
          nicolae_inconvenience_store, uniq_joseph
D:11:     layout_small_grid, pdpol_wu_jian_five_deadly_venoms
D:12:     layout_irregular_city, uniq_kirke
D:13:     layout_roguey, grunt_vaults_entry_fortified, enter_bailey_5,
          minmay_misc_feat_tower
Lair:1:   layout_hall_layers, enter_volcano_4, st_stairs_6

Skill      XL: |  1  2  3  4  5  6  7  8  9 10 11 12 13 |
---------------+----------------------------------------+-----
Fighting       | 3 4 5 6 7 9 10 | 10.2
Stealth        | 1 2 3 4 5 6 8 9 10 | 10.8
Axes           | 4 5 6 8 9 11 12 14 | 14.4
Dodging        | 3 4 5 6 7 8 9 |  9.6
Armour         | 3 4 6 7 8 9 10 11 | 11.6
Shields        | |  0.7
Evocations     | |  0.8

Action                   |  1- 3 |  4- 6 |  7- 9 | 10-12 | 13-15 || total
-------------------------+-------+-------+-------+-------+-------++-------
Melee: Hand axe          |   101 |    83 |       |       |       ||   184
       Battleaxe         |       |    55 |   202 |   470 |    11 ||   738
       War axe           |       |       |       |    20 |    41 ||    61
Invok: Berserk           |     3 |     3 |     8 |    21 |     1 ||    36
       Trog's Hand       |       |     2 |     8 |    30 |     2 ||    42
       Brothers in Arms  |       |       |       |     1 |       ||     1
 Abil: Heal Wounds       |     3 |     3 |     1 |    10 |     2 ||    19
Evoke: Wand              |       |       |       |     3 |     5 ||     8
       Tin of tremorston |       |       |       |     2 |       ||     2
  Use: Potion            |       |     2 |       |     2 |       ||     4
       Scroll            |       |     3 |     1 |    15 |     1 ||    20
 Stab: Sleeping          |       |       |     3 |     5 |       ||     8
       Distracted        |       |       |       |     2 |       ||     2
Armor: Animal skin       |    21 |     4 |       |       |       ||    25
       Scale mail        |       |    57 |    27 |       |       ||    84
       Chain mail        |       |       |    25 |    41 |    49 ||   115
       Acid dragon scale |       |       |    39 |   183 |       ||   222
Dodge: Dodged            |    78 |   100 |   178 |   470 |    52 ||   878
Block: Kite shield       |       |       |       |     6 |    18 ||    24

Table legend: (Time is in decaauts)
 A = Elapsed time spent in this place.
 B = Non-inter-level travel time spent in this place.
 C = Inter-level travel time spent in this place.
 D = Time resting spent in this place.
 E = Time spent auto-exploring this place.
 F = Levels seen in this place.
 G = Mean time per level.
                   A        B        C        D        E       F      G
               +--------+--------+--------+--------+--------+-----+--------+
         Total |  11204 |  10687 |    517 |    276 |   7385 |  16 |  700.2 |
       Dungeon |  10585 |  10068 |    517 |    273 |   7135 |  13 |  814.2 |
          Lair |    174 |    174 |      0 |      0 |    135 |   1 |  174.0 |
       Ossuary |    123 |    123 |      0 |      0 |     41 |   1 |  123.0 |
        Bailey |    321 |    321 |      0 |      3 |     74 |   1 |  321.0 |
               +--------+--------+--------+--------+--------+-----+--------+

Top non-repeatable levels by time:
     D:1: 1156 daAuts
    D:13: 1146 daAuts
     D:2: 1040 daAuts
     D:4: 937 daAuts
     D:8: 834 daAuts
     D:9: 802 daAuts
    D:10: 773 daAuts
     D:3: 761 daAuts
     D:5: 725 daAuts
     D:6: 688 daAuts
    D:12: 641 daAuts
    D:11: 551 daAuts
     D:7: 527 daAuts
  Bailey: 321 daAuts
  Lair:1: 174 daAuts
